 Dungeon Crawl Stone Soup version 0.31-a0-986-g5e6e4ef867 (webtiles) character file.

Game seed: 14115314420492496102

95 ytrimaz the Insei (level 4, -7/28 HPs)
             Began as an Octopode Shapeshifter on Nov 15, 2023.
             Mangled by Terence
             ... wielding a +0 flail
              (8 damage)
             ... on level 3 of the Dungeon.
             The game lasted 00:02:15 (1310 turns).

ytrimaz the Insei (Octopode Shapeshifter)           Turns: 1310, Time: 00:02:15

Health: -7/28      AC:  1    Str: 13    XL:     4   Next: 66%
Magic:  4/4        EV: 13    Int: 12    God:
Gold:   97         SH:  0    Dex: 13    Spells: 3/3 levels left

rFire   . .          .
                       - Unarmed
rCold   . . .        (no shield)
rNeg    . . .        (helmet currently unavailable)
rPois   .            (no amulet)
rElec   .            (no ring)
rCorr   .            (no ring)
SInv    .            (no ring)
Will    .....        (no ring)
Stlth   +++          (no ring)
HPRegen 0.24/turn    (no ring)
MPRegen 0.09/turn    (no ring)
                     (no ring)

%: no passive effects
@: mighty, beast-form
A: beast (slay +2), almost no armour, amphibious, 8 rings, camouflage 1,
gelatinous body 1, (nimble swimmer 1), tentacles
a: Begin Untransformation


You were on level 3 of the Dungeon.
You were a hulking beast.
You visited 1 branch of the dungeon, and saw 3 of its levels.

You collected 97 gold pieces.


Innate Abilities, Weirdness & Mutations

You are a hulking beast.
Your limbs bulge with bestial killing power. (Slay +2)
You cannot wear most types of armour.
You are amphibious.
You can wear up to eight rings at the same time.
Your skin changes colour to match your surroundings (Stealth+).
Your rubbery body absorbs attacks. (AC +1, EV +1)
((You are camouflaged when in or above water. (Stealth+)))
You have tentacles for arms and can constrict up to eight enemies at once.


   Skills:
 - Level 1.0 Fighting
 - Level 2.0 Dodging
 + Level 3.4 Stealth
 + Level 3.8 Unarmed Combat
 + Level 3.7 Shapeshifting


You had 3 spell levels left.
You didn't know any spells.
Your spell library contained the following spells:

 Spells                   Type           Power      Damage    Failure   Level
 Lesser Beckoning         Tloc           0%         N/A       45%         2
 Gell's Gravitas          Tloc           0%         N/A       69%         3
 Teleport Other           Tloc           0%         N/A       69%         3

Inventory:

Talismans
 b - a beast talisman
 c - a flux talisman
Scrolls
 d - a scroll of enchant weapon {unknown}
 e - 3 scrolls of identify {unknown}
Potions
 a - 2 potions of lignification
 f - a potion of might

Dungeon Overview and Level Annotations

Branches:
Dungeon (3/15) Zot: 16696

Altars:

Shops:
D:1 (

Annotations:
D:3 Terence

##.# ##...
#..#
####.#
##.†..#
##..####
#^.######
#..#.....#
#.##h....#
#..
#@....#
...#
#.....#
####
###.### .#
.. ... .##


You could see Terence.


Message History

The kobold hits you but does no damage.
A kobold is nearby!
You tentacle-slap the kobold. Your grab misses the kobold.
The kobold hits you with a +0 short sword. 😕 HP[-1]
You take 1 damage, and now have 27/28 hp.
A kobold is nearby!
You tentacle-slap the kobold.
You kill the kobold!
Things that are here:
a +0 short sword; a kobold corpse No target in view!
Key pressed, stopping explore.
No target in view! 😎 HP[+1]
Your hp is fully restored (28).
Key pressed, stopping explore.
No target in view!
a - 2 potions of lignification (gained 1) Key pressed, stopping explore.
No target in view!
A dart slug comes into view.
Found a book of Displacement.
Found a faded altar of an unknown god.
A dart slug is nearby!
A dart slug is nearby!
A dart slug is nearby!
A dart slug is nearby!
A dart slug is nearby!
A dart slug is nearby!
The helpless dart slug fails to defend itself.
You bludgeon the dart slug! You grab the dart slug.
You constrict the dart slug.
You kill the dart slug!
No target in view!
No target in view!
You pick up a book of Displacement and begin reading...
You add the spells Lesser Beckoning, Gell's Gravitas and Teleport Other to your library.
Key pressed, stopping explore.
There is a stone staircase leading up here.
There is a stone staircase leading up here.
Key pressed, stopping explore.
Done exploring.
Done exploring.
Done exploring.
Done exploring.
Done exploring.
Done exploring.
Things that are here:
a +0 short sword; a stone You see here a +0 leather armour.
There is an escape hatch in the floor here.
You slide downwards.
The hatch slams shut behind you.
An adder is nearby!
An adder is nearby!
The helpless adder fails to defend itself.
You tentacle-slap the adder. Your grab misses the adder.
The adder bites you. 😕 HP[-1]
You take 1 damage, and now have 27/28 hp.
You closely miss the adder. Your grab misses the adder.
The adder closely misses you. The adder bites you. 😕 HP[-3]
You take 3 damage, and now have 24/28 hp.
You tentacle-slap the adder. You grab the adder. You constrict the adder.
You kill the adder!
No target in view!
You see here an adder corpse.
Terence the Incautious comes into view.
He is wielding a +0 flail and wearing a +3 scale mail of poison resistance. 😎 HP[+4]
Your hp is fully restored (28).
The helpless Terence fails to defend himself.
You tentacle-slap Terence. You grab Terence.
You constrict Terence, but do no damage.
Terence hits you with a +0 flail! 😮 HP[-8]
You take 8 damage, and now have 20/28 hp.
MASSIVE DAMAGE!! (PAUSE)
You tentacle-slap Terence. You constrict Terence.
Terence hits you with a +0 flail!
* * * LOW HITPOINT WARNING * * *
😨 HP[-7]
You take 7 damage, and now have 13/28 hp.
MASSIVE DAMAGE!! (PAUSE)
You tentacle-slap Terence but do no damage.
You constrict Terence, but do no damage.
Terence hits you with a +0 flail!
* * * LOW HITPOINT WARNING * * *
😱 HP[-8]
You take 8 damage, and now have 5/28 hp.
MASSIVE DAMAGE!! (PAUSE)
You tentacle-slap Terence. You squeeze Terence, but do no damage.
You constrict Terence, but do no damage.
Terence hits you with a +0 flail.
* * * LOW HITPOINT WARNING * * *
😱 HP[-4]
You take 4 damage, and now have 1/28 hp.
It was a potion of might.
You feel very mighty all of a sudden.
You constrict Terence, but do no damage.
Terence hits you with a +0 flail!
You die...

Skill      XL: |  1  2  3  4 |
---------------+-------------+-----
Stealth        | 1 2 3 |  3.4
Fighting       | |  1.0
Dodging        | |  2.0
Unarmed Combat | |  3.8
Shapeshifting  | |  3.7

Action                     |  1- 3 |  4- 6 || total
---------------------------+-------+-------++-------
  Melee: Unarmed           |    58 |    35 ||    93
         Tentacles         |     8 |     2 ||    10
         Constrict         |    11 |    10 ||    21
         Punch             |     1 |     1 ||     2
    Use: Potion            |     1 |     1 ||     2
   Stab: Sleeping          |    13 |     8 ||    21
 Armour: Skin              |    44 |    16 ||    60
  Dodge: Dodged            |    31 |    19 ||    50

Levels and vault maps discovered:
D:1:      onia_arrival_handbag, layout_rooms, serial_shops,
          nicolae_shop_real_fake_doors
D:2:      minmay_diamond_boxcup, layout_loops_ring,
          shapermc_ecumenical_altar_mp_urbaneastern
D:3:      layout_rooms, minmay_misc_feat_more_columns, uniq_terence

Notes
Turn   | Place    | Note
-------+----------+-------------------------------------------
     0 | D:1      | ytrimaz the Octopode Shapeshifter began the quest for the
                  | Orb.
     0 | D:1      | Reached XP level 1. HP: 13/13 MP: 1/1
     0 | D:1      | magus.rc [v1.9.6]
    35 | D:1      | Reached skill level 1 in Stealth
    39 | D:1      | Reached XP level 2. HP: 18/18 MP: 2/2
   258 | D:1      | Reached skill level 2 in Stealth
   334 | D:1      | Reached XP level 3. HP: 18/23 MP: 3/3
   523 | D:1      | Found Fiosioq's Weapon Boutique.
   657 | D:2      | Reached XP level 4. HP: 24/28 MP: 4/4
   798 | D:2      | Reached skill level 3 in Stealth
  1170 | D:2      | Found a faded altar of an unknown god.
  1180 | D:2      | You pick up a book of Displacement and begin reading...
  1180 | D:2      | You add the spells Lesser Beckoning, Gell's Gravitas and
                  | Teleport Other to your library.
  1302 | D:3      | Noticed Terence
  1308 | D:3      | HP: 5/28 [Terence/+0 flail (8)]
  1309 | D:3      | HP: 1/28 [Terence/+0 flail (4)]
  1310 | D:3      | Mangled by Terence

Vanquished Creatures
  4 adders
  A dart slug (D:2)
  6 bats
  6 endoplasms
  3 giant cockroaches (D:2)
  6 goblins
  5 hobgoblins
  6 kobolds
  4 quokkas
  6 ball pythons
  2 frilled lizards
  4 rats
53 creatures vanquished.

Table legend:
 A = Non-vault XP
 B = Vault XP
 C = Vault XP percentage of total XP
 D = Non-vault monster count
 E = Vault monster count
 F = Vault count percentage of total count
                 A         B        C        D         E       F
            +---------+---------+-------+---------+---------+-------
      Total |     109 |      28 |  20.4 |      42 |      11 |  20.8
            +---------+---------+-------+---------+---------+-------
        D:1 |      43 |       6 |  12.2 |      25 |       4 |  13.8
        D:2 |      53 |      22 |  29.3 |      16 |       7 |  30.4
        D:3 |      13 |       0 |   0.0 |       1 |       0 |   0.0
            +---------+---------+-------+---------+---------+-------

Skill      XL: |  1  2  3  4 |
---------------+-------------+-----
Stealth        | 1 2 3 |  3.4
Fighting       | |  1.0
Dodging        | |  2.0
Unarmed Combat | |  3.8
Shapeshifting  | |  3.7

Action                     |  1- 3 |  4- 6 || total
---------------------------+-------+-------++-------
  Melee: Unarmed           |    58 |    35 ||    93
         Tentacles         |     8 |     2 ||    10
         Constrict         |    11 |    10 ||    21
         Punch             |     1 |     1 ||     2
    Use: Potion            |     1 |     1 ||     2
   Stab: Sleeping          |    13 |     8 ||    21
 Armour: Skin              |    44 |    16 ||    60
  Dodge: Dodged            |    31 |    19 ||    50

Illustrated notes

Table legend:
 A = Kills in this place as a percentage of kills in the entire game.
 B = Kills by you in this place as a percentage of kills by you in the entire game.
 C = Kills by friends in this place as a percentage of kills by friends in the entire game.
 D = Other kills in this place as a percentage of other kills in the entire game.
 E = Experience gained in this place as a percentage of experience gained in the entire game.
 F = Experience gained in this place divided by the number of levels of this place that you have seen.
                   A       B       C       D       E      F
               +-------+-------+-------+-------+-------+----------------------
         Total | 100.0 | 100.0 |   N/A |   N/A | 100.0 |  45.7
       Dungeon | 100.0 | 100.0 |   N/A |   N/A | 100.0 |  45.7
               +-------+-------+-------+-------+-------+----------------------

Table legend: (Time is in decaauts)
 A = Elapsed time spent in this place.
 B = Non-inter-level travel time spent in this place.
 C = Inter-level travel time spent in this place.
 D = Time resting spent in this place.
 E = Time spent auto-exploring this place.
 F = Levels seen in this place.
 G = Mean time per level.
                   A        B        C        D        E       F      G
               +--------+--------+--------+--------+--------+-----+--------+
         Total |   1302 |   1255 |     47 |      0 |    939 |   3 |  434.0 |
       Dungeon |   1302 |   1255 |     47 |      0 |    939 |   3 |  434.0 |
               +--------+--------+--------+--------+--------+-----+--------+

Top non-repeatable levels by time:
     D:2: 684 daAuts
     D:1: 588 daAuts
     D:3: 30 daAuts
